 Dungeon Crawl Stone Soup version 0.14-a0-2443-g5aee772 (webtiles) character file.

58785 Egon the Fighter (level 14, 0/133 HPs)
             Began as a Green Draconian Berserker on Feb 5, 2014.
             Was the Champion of Trog.
             Slain by a vampire
             ... wielding a +4,+0 scimitar of flaming
              (10 damage)
             ... on Level 15 of the Dungeon on Feb 6, 2014.
             The game lasted 01:24:02 (20273 turns).

Egon the Fighter (Green Draconian Berserker)       Turns: 20273, Time: 01:24:02

HP   0/133       AC 12     Str 20      XL: 14   Next: 48%
MP   0/14        EV 23     Int  9      God: Trog [******]
Gold 720         SH  0     Dex 14      Spells:  0 memorised, 13 levels left

rFire  + + .     SeeInvis .     a - +4 broad axe (flame)
rCold  + + .     Clarity  .     (armour unavailable)
rNeg   . . .     Conserve .     o - +0 shield
rPois  +         rCorr    .     V - +2 hat {rC+}
rElec  +         rRot     .     y - +0 cloak
SustAb . .       Spirit   +     M - +0 pair of gloves
rMut   .         Warding  .     (no boots)
Saprov . . .     Stasis   .     v - amulet of guardian spirit
MR     +....                    q - cursed +4 ring of evasion
                                I - ring of protection from fire

@: confused, exhausted, somewhat resistant to hostile enchantments, very
unstealthy
A: breathe noxious fumes, unfitting armour, stinger 1, poison resistance, AC +8
a: Breathe Noxious Fumes, Burn Spellbooks, Berserk, Trog's Hand, Brothers in
Arms, Renounce Religion


You were on level 15 of the Dungeon.
You worshipped Trog.
Trog was exalted by your worship.
You were not hungry.

You visited 3 branches of the dungeon, and saw 18 of its levels.
You visited 1 bazaar.
You also visited: Sewer and Ice Cave.

You collected 752 gold pieces.
You spent 32 gold pieces at shops.

Inventory:

Hand weapons
 a - a +4,+4 broad axe of flaming (weapon)
 b - the +8,+8 bow of Krishna "Sharnga" {speed, Dex+3 SInv}
   (Trog gifted it to you on level 13 of the Dungeon)

   Attacks with this weapon are significantly faster, but cause slightly less
   damage.
   It affects your dexterity (+3).
   It enhances your eyesight.
Armour
 o - a +0 shield (worn)
 y - a +0 cloak (worn)
 M - a +0 pair of gloves (worn)
 V - a +2 hat of cold resistance (worn)
Comestibles
 c - 10 bread rations
 f - 3 meat rations
 x - a royal jelly
 z - an apple
 G - a pear
Scrolls
 d - a scroll of teleportation
 e - a scroll of enchant weapon I
 j - a scroll of magic mapping
 H - a scroll of fog
 Y - a scroll of fear
Jewellery
 n - an uncursed ring of flight
 q - a cursed +4 ring of evasion (right hand)
 v - an amulet of guardian spirit (around neck)
 C - an uncursed amulet of clarity
 I - a ring of protection from fire (left hand)
Potions
 g - a potion of flight
 h - a potion of resistance
 l - 2 potions of might


   Skills:
 + Level 14.8 Fighting
 + Level 13.8 Axes
 + Level 13.1 Dodging
 + Level 9.6 Shields


You had 13 spell levels left.
You didn't know any spells.

Dungeon Overview and Level Annotations

Branches:
Dungeon (16/16)            Temple (1/1) D:4             Orc (0/4) D:9
   Lair (1/8) D:11         Vaults (0/5) D:14         Depths (0/6) D:16

Altars:
Ashenzari
Cheibriados
Dithmengos
Elyvilon
Fedhas
Kikubaaqudgha
Makhleb
Nemelex Xobeh
Okawaru
Sif Muna
Trog
Vehumet
Xom
Yredelemnul
Zin
The Shining One

Shops:
D:6 *   D:9 (   D:13 =

Portals:
Trove: D:13 (show horn of Geryon)


Innate Abilities, Weirdness & Mutations

You can breathe blasts of noxious fumes.
Your lurid green scales are hard (AC +8).
Your body does not fit into most forms of armour.
Your cold-blooded metabolism reacts poorly to cold.
Your tail ends in a poisonous barb.
Your system is resistant to poisons.


Message History

* * * LOW HITPOINT WARNING * * *
Something burns you.
* * * LOW HITPOINT WARNING * * *
Something closely misses you.
Your magical contamination has completely faded away.
Unknown command.
Something barely misses you. Something bites you.
* * * LOW HITPOINT WARNING * * *
You hear some strange, mumbled words.
You are more confused.
You're too confused!
You hit something. You burn something. Something hits you.
* * * LOW HITPOINT WARNING * * *
Something bites you!
* * * LOW HITPOINT WARNING * * *
Something draws strength from your injuries!
Drink which item? (? for menu, Esc to quit)
You feel protected.
You hit something but do no damage. Something hits you!
You die...

....................#
#################...#
######### #.).#
........# #...#
........# #.).#
........##### #...#
####........# ##.##
............######(#####
####........##..@......#
#........##.........#
####).......##.........#
...)))########.........#
.......................#
#####.########.....)...#
# #.# #.........# # #.#
#....>[...# # #.#
###########


There were no monsters in sight!

Vanquished Creatures
  Maud (D:14)
  A frost giant (IceCv)
  The ghost of Pr0man the Carver, a powerful FoFi of Okawaru (D:15)
  Snorg (D:14)
  A fire dragon (D:16)
  A siren (shapeshifter) (D:14)
  An ogre mage (D:15)
  Nessos (D:13)
  6 hydras
  A plague shambler (D:16)
  3 centaur warriors
  A skeletal warrior (D:16)
  A necromancer (D:16)
  3 unseen horrors
  An ice statue (IceCv)
  7 hill giants
  A wolf spider zombie (D:16)
  5 cyclopes
  A fire giant skeleton (D:16)
  A phantasmal warrior (D:16)
  An octopode (D:11)
  A feature mimic (D:11)
  2 spiny frogs (Lair:1)
  An item mimic (D:14)
  An efreet (D:15)
  A fire drake (Lair:1)
  3 wandering mushrooms (Lair:1)
  An iron devil (D:14)
  Grinder (D:6)
  6 trolls
  A queen bee (D:13)
  An iron troll skeleton (D:16)
  A hydra zombie (D:15)
  A komodo dragon (D:14)
  13 polar bears (IceCv)
  The ghost of bart the Ruffian, an experienced VSTm of Ashenzari (D:6)
  A centaur skeleton (D:13)
  3 blink frogs (D:14)
  A basilisk (shapeshifter) (D:16)
  2 two-headed ogres
  A hydra skeleton (D:16)
  4 wyverns
  A trapdoor spider (D:14)
  2 basilisks (D:14)
  27 ugly things
  A shark (D:11)
  A hog (shapeshifter) (D:14)
  5 hippogriffs
  A hungry ghost (D:14)
  16 wolves
  A manticore (D:16)
  2 steam dragons (D:11)
  A soldier ant (D:13)
  29 yaks
  4 vampire mosquitoes (D:15)
  A hill giant skeleton (D:15)
  A soldier ant (shapeshifter) (D:14)
  Edmund (D:9)
  2 necrophages
  An ogre skeleton (D:15)
  2 mottled dragons
  A porcupine (Lair:1)
  5 black bears
  4 ice beasts
  2 giant goldfish (D:11)
  5 ogres
  8 orc warriors
  2 phantoms
  3 sky beasts
  2 crocodiles
  20 centaurs
  A brain worm (shapeshifter) (D:14)
  Sigmund (D:2)
  3 big kobolds
  3 wargs
  Blork the orc (D:4)
  13 giant frogs
  A silver statue (D:14)
  3 water moccasins (Lair:1)
  A yaktaur (shapeshifter) (D:16)
  A manticore skeleton (D:12)
  An agate snail (Lair:1)
  A cyclops zombie (D:9)
  A wyvern zombie (D:10)
  35 killer bees
  A wyvern skeleton (D:9)
  An eye of draining (D:13)
  A yak zombie (D:10)
  3 electric eels (D:11)
  9 wights
  A yak skeleton (D:11)
  A hippogriff skeleton (D:9)
  11 crimson imps
  3 goliath beetles
  2 big fish
  4 jellies
  18 orc wizards
  A giant frog skeleton (D:4)
  7 hounds
  11 orc priests
  3 scorpions
  8 worker ants
  3 iguanas
  4 sheep (D:11)
  Jessica (D:2)
  3 boggarts (D:16)
  A crocodile zombie (D:11)
  Terence (D:3)
  A gnoll (D:11)
  15 adders
  7 green rats (Lair:1)
  A worm zombie (D:9)
  2 giant centipedes
  5 giant mites
  8 worms
  A scorpion zombie (D:8)
  2 giant eyeballs
  11 giant geckos
  An ooze (D:4)
  61 orcs
  2 giant cockroaches
  10 hobgoblins
  3 quokkas
  2 ball pythons
  16 bats
  5 giant newts
  4 giant spores
  9 goblins
  2 goblin skeletons (D:5)
  A hobgoblin zombie (D:9)
  9 jackals
  30 kobolds
  A kobold skeleton (D:5)
  A kobold zombie (D:5)
  2 orc skeletons
  An orc zombie (D:8)
  A quokka zombie (D:8)
  9 rats
  29 ballistomycetes
  4 plants
658 creatures vanquished.

Vanquished Creatures (collateral kills)
  2 skeletal warriors (D:15)
2 creatures vanquished.

Vanquished Creatures (others)
  An iguana (Lair:1)
  A boggart (D:16)
  2 giant spores
  A ballistomycete (D:11)
  A fungus (D:2)
  14 plants (D:11)
20 creatures vanquished.

Grand Total: 680 creatures vanquished

Notes
Turn   | Place    | Note
--------------------------------------------------------------
     0 | D:1      | Egon, the Draconian Berserker, began the quest for the Orb.
     0 | D:1      | Reached XP level 1. HP: 19/19 MP: 1/1
   317 | D:1      | Reached XP level 2. HP: 23/26 MP: 2/2
   736 | D:2      | Acquired Trog's second power
   860 | D:2      | Reached XP level 3. HP: 26/31 MP: 3/3
   879 | D:2      | Noticed Sigmund
   890 | D:2      | Killed Sigmund
   890 | D:2      | Reached skill level 4 in Fighting
   890 | D:2      | Reached XP level 4. HP: 40/40 MP: 4/4
  1033 | D:2      | Noticed Jessica
  1044 | D:2      | Killed Jessica
  1096 | D:2      | Found a blossoming altar of Fedhas.
  1185 | D:2      | Reached XP level 5. HP: 47/47 MP: 5/5
  1210 | D:2      | Found a shattered altar of Ashenzari.
  1215 | D:2      | Saw a vision of the Swamp and the Spider Nest.
  1215 | D:2      | Noticed an alligator
  1215 | D:2      | Noticed a swamp drake
  1215 | D:2      | Noticed an alligator
  1215 | D:2      | Noticed a redback
  1215 | D:2      | Noticed a swamp drake
  1216 | D:2      | Noticed a redback
  1220 | D:2      | Noticed a redback
  1573 | D:3      | Noticed Terence
  1582 | D:3      | Killed Terence
  1871 | D:3      | Found a burning altar of Makhleb.
  1882 | D:3      | Found a deep blue altar of Sif Muna.
  1883 | D:3      | Found a glowing golden altar of the Shining One.
  2573 | D:4      | Noticed Blork the orc
  2585 | D:4      | Killed Blork the orc
  2585 | D:4      | Reached skill level 5 in Fighting
  2585 | D:4      | Reached XP level 6. HP: 56/56 MP: 6/6
  2626 | D:4      | Found a staircase to the Ecumenical Temple.
  2667 | D:4      | Found a glowing drain.
  2778 | Sewer    | Entered a sewer
  2784 | Sewer    | Reached skill level 5 in Axes
  2993 | Sewer    | Acquired Trog's third power
  3513 | D:5      | Entered Level 5 of the Dungeon
  3792 | D:5      | Reached skill level 5 in Dodging
  3792 | D:5      | Your scales start taking on a lurid green colour.
  3792 | D:5      | Gained mutation: Your system is resistant to poisons. [draconian maturity]
  3792 | D:5      | Reached XP level 7. HP: 61/61 MP: 7/7
  3901 | Temple   | Entered the Ecumenical Temple
  4815 | D:5      | Reached skill level 6 in Fighting
  4857 | D:6      | Found Vuraukhi's General Store.
  4912 | D:6      | Noticed Grinder
  4915 | D:6      | Paralysed by Grinder for 5 turns
  4927 | D:6      | Killed Grinder
  4927 | D:6      | Reached XP level 8. HP: 71/71 MP: 4/8
  4963 | D:6      | Noticed bart's ghost (experienced VSTm)
  4986 | D:6      | Killed bart's ghost
  5110 | D:6      | Reached skill level 7 in Fighting
  5344 | D:6      | Found a glowing silver altar of Zin.
  5970 | D:7      | Reached XP level 9. HP: 81/81 MP: 9/9
  6079 | D:7      | Reached skill level 8 in Fighting
  6671 | D:8      | Reached skill level 9 in Fighting
  7253 | D:9      | Found Gaujat's Antique Weapon Shoppe.
  7272 | D:9      | Found a blossoming altar of Fedhas.
  7323 | D:9      | Received a gift from Trog
  7339 | D:9      | Reached XP level 10. HP: 92/92 MP: 4/10
  7602 | D:9      | Noticed Edmund
  7767 | D:9      | Reached skill level 10 in Fighting
  7944 | D:9      | Killed Edmund
  8148 | D:9      | Found a staircase to the Orcish Mines.
  8385 | D:10     | Entered Level 10 of the Dungeon
  8396 | D:10     | Reached skill level 1 in Shields
  8583 | D:10     | Noticed a hill giant
  8800 | D:10     | Received a gift from Trog
  8854 | D:10     | Noticed a hill giant
  8875 | D:10     | Killed a hill giant
  9560 | D:10     | Killed a hill giant
  9688 | D:11     | Noticed an octopode
  9785 | D:11     | Noticed a cyclops
  9836 | D:11     | Killed a cyclops
  9836 | D:11     | Reached XP level 11. HP: 67/101 MP: 8/11
  9941 | D:11     | Reached skill level 10 in Axes
 10087 | D:11     | Found a staircase to the Lair.
 10277 | D:11     | Reached skill level 11 in Fighting
 10531 | D:11     | Noticed a hill giant
 10540 | D:11     | Killed a hill giant
 10685 | D:11     | Found a frozen archway.
 10702 | IceCv    | Entered an ice cave
 10770 | IceCv    | Reached skill level 5 in Shields
 10782 | IceCv    | Reached skill level 10 in Dodging
 11327 | IceCv    | Noticed an ice statue
 11348 | IceCv    | Killed an ice statue
 11485 | IceCv    | Received a gift from Trog
 11667 | IceCv    | Noticed a frost giant
 11685 | IceCv    | Killed a frost giant
 11685 | IceCv    | Reached skill level 12 in Fighting
 11685 | IceCv    | Reached XP level 12. HP: 110/112 MP: 7/12
 11872 | IceCv    | Got a jewelled battleaxe
 12252 | D:11     | Killed an octopode
 12836 | Lair:1   | Entered Level 1 of the Lair of Beasts
 12892 | Lair:1   | Found a shimmering altar of Xom.
 13121 | Lair:1   | Received a gift from Trog
 14304 | D:12     | Noticed an eight-headed hydra
 14453 | D:12     | Killed a six-headed hydra
 14453 | D:12     | Reached skill level 13 in Fighting
 14530 | D:12     | Noticed a seven-headed hydra
 14538 | D:12     | Killed a two-headed hydra
 14628 | D:12     | Noticed a seven-headed hydra
 14681 | D:12     | Killed a three-headed hydra
 15149 | D:13     | Noticed Nessos
 15225 | D:13     | Killed Nessos
 15365 | D:13     | Reached XP level 13. HP: 122/122 MP: 7/13
 15441 | D:13     | Received a gift from Trog
 15450 | D:13     | Found Philul's Jewellery Shoppe.
 15455 | D:13     | Bought an uncursed amulet of inaccuracy for 32 gold pieces
 15475 | D:13     | Found a portal to a secret trove of treasure.
 16440 | D:14     | Found a gateway to a bazaar.
 16462 | Bazaar   | Entered a bazaar
 16462 | Bazaar   | Found Groynoli's Armour Boutique.
 16462 | Bazaar   | Found Thusoduo's Weapon Shop.
 16462 | Bazaar   | Found Kolek's Book Shop.
 16462 | Bazaar   | Found Nikunat's Weapon Boutique.
 16518 | D:14     | Found a gate to the Vaults.
 16639 | D:14     | Noticed Snorg
 16653 | D:14     | Noticed Maud
 16656 | D:14     | Killed Snorg
 16659 | D:14     | Received a gift from Trog
 16681 | D:14     | Killed Maud
 17318 | D:14     | Reached skill level 14 in Fighting
 17369 | D:15     | Entered Level 15 of the Dungeon
 17673 | D:15     | Noticed Pr0man's ghost (powerful FoFi)
 17686 | D:15     | Killed Pr0man's ghost
 18110 | D:15     | Gained mutation: Your tail ends in a poisonous barb. [draconian growth]
 18110 | D:15     | Reached XP level 14. HP: 132/132 MP: 12/14
 18267 | D:15     | Received a gift from Trog
 18668 | D:16     | Entered Level 16 of the Dungeon
 18995 | D:16     | Found a staircase to the Depths.
 20273 | D:15     | Slain by a vampire

Action                   |  1- 3 |  4- 6 |  7- 9 | 10-12 | 13-15 || total
-------------------------+-------+-------+-------+-------+-------++-------
Melee: Hand axe          |    48 |   294 |    89 |       |       ||   431
       War axe           |       |       |   306 |   543 |       ||   849
       Broad axe         |       |       |       |   337 |   603 ||   940
Invok: Berserk           |     1 |     4 |     3 |    14 |    14 ||    36
       Trog's Hand       |       |     2 |     1 |       |     2 ||     5
       Burn Spellbooks   |       |       |     1 |     1 |       ||     2
       Brothers in Arms  |       |       |       |       |     1 ||     1
 Abil: Breathe Noxious F |       |       |    21 |    44 |    22 ||    87
Evoke: Wand              |       |       |     5 |    11 |    18 ||    34
  Use: Scroll            |       |       |    17 |     7 |     4 ||    28
       Potion            |       |       |       |       |     1 ||     1
 Stab: Sleeping          |       |     1 |     2 |     1 |       ||     4
       Confused          |       |       |    10 |    33 |    17 ||    60
       Distracted        |       |       |     1 |       |       ||     1
       Fleeing           |       |       |       |     2 |       ||     2
